[Event "Reykjavik Open 2022"]
[Site "Reykjavik"]
[Date "2022.04.07"]
[Round "3.24"]
[White "Baskin, Robert"]
[Black "Decosse, Jean-Fabien"]
[Result "1/2-1/2"]
[ECO "C41"]
[WhiteElo "2383"]
[BlackElo "2156"]
[Annotator "TA"]
[PlyCount "56"]
[EventDate "2022.04.06"]
[EventCountry "ISL"]
[SourceTitle "playchess.com"]
[Source "ChessBase"]
[SourceQuality "1"]
[TimeControl "40/5400+30:1800+30"]

1. e4 d6 2. d4 Nf6 3. Nc3 e5 4. Nf3 Nbd7 5. Bc4 Be7 6. a4 O-O 7. O-O a5 8. h3 c6 9. Re1 exd4 10. Qxd4 Nc5 {[%emt 0:02:21] C41: Philidor Defence.} 11. Bf4 Ne6 12. Bxe6 Bxe6 {[%emt 0:01:09] White is slightly better.} 13. Rad1 d5 14. exd5 cxd5 15. Ng5 {[%emt 0:15:20] 0x0.0001e11bf296dp-1022s more active pieces. Pair of Knights!} Bf5 16. Qe5 ({Reject} 16. Nxd5 Nxd5 17. Qxd5 Bxc2 18. Qxd8 Raxd8 19. Rxd8 Bxd8 $15) (16. Re2 $5 Bb4 17. Nxd5 $16) 16... Bxc2 17. Qxe7 Qxe7 18. Rxe7 {[%emt 0:00:04] [#] Hoping for Rd4.} Bxd1 19. Nxd1 Rfe8 20. Rxe8+ Rxe8 {[%emt 0:00:12] [#]} 21. Bd2 $146 {[%emt 0:02:20] Against Re1+} ({Predecessor:} 21. Be3 d4 22. Bd2 Rc8 23. Kf1 d3 24. Ke1 Nd5 25. Nf3 b6 26. b3 {1-0 (40) Kaidanov,G (2596)-Georgiev,V (2560) Chicago 2002}) 21... Ne4 22. Nxe4 Rxe4 23. Kf1 Rxa4 24. Ke2 d4 {[%emt 0:15:26] Against Ne3} 25. f3 f5 26. Nf2 {[%emt 0:02:40] The position is equal.} Kf7 27. Nd3 b6 28. Bf4 Ke6 {[%emt 0:07:05] Weighted Error Value: White=0.08 (flawless) /Black=0.03 (flawless)} 1/2-1/2

[Event "Reykjavik Open 2022"]
[Site "Reykjavik"]
[Date "2022.04.07"]
[Round "3.25"]
[White "Kull, Florian"]
[Black "Sukandar, Irine Kharisma"]
[Result "0-1"]
[ECO "A36"]
[WhiteElo "2138"]
[BlackElo "2378"]
[Annotator "TA"]
[PlyCount "80"]
[EventDate "2022.04.06"]
[EventCountry "ISL"]
[SourceTitle "playchess.com"]
[Source "ChessBase"]
[SourceQuality "1"]
[TimeControl "40/5400+30:1800+30"]

1. c4 c5 2. Nc3 Nc6 3. g3 g6 4. Bg2 Bg7 5. a3 d6 6. Rb1 e6 7. e3 Nge7 8. Nge2 O-O 9. O-O b6 10. b4 d5 11. d4 cxd4 12. exd4 Bb7 13. b5 Na5 14. c5 bxc5 15. dxc5 d4 16. Ne4 Bd5 17. Nd6 Bxg2 18. Kxg2 Qc7 19. Bd2 ({Much worse is} 19. Nxd4 Qxc5 20. Nf3 Nd5 $17) (19. Ne4 $11 {remains equal.}) 19... Qxc5 $17 20. Bb4 Qd5+ 21. Kg1 {[%emt 0:00:36] [#]} e5 (21... Be5 $1 $17 22. Bxa5 Qxd6) 22. Re1 $1 $11 {[%emt 0:09:18] [#]} Nb7 (22... Rfd8 $142 $1 23. Qa4 (23. Bxa5 Rxd6) 23... Rxd6 24. Bxd6 Qxd6 25. Qxa5 Nd5) 23. Nxd4 $11 exd4 24. Nxb7 Qxb7 25. Rxe7 Qd5 26. Qd3 Bf6 (26... Rfc8 $11) 27. Rc7 $16 Rfe8 28. Rbc1 h5 (28... Be5 $16) 29. R1c5 $18 Qe4 30. Qb3 (30. Qxe4 $16 {White threatens Qf3 and mate.} Rxe4 31. Rd5) 30... Re6 $14 31. R5c6 ({White should play} 31. Qd5 $16) 31... h4 ({Black should try} 31... d3 $11) 32. gxh4 $2 {[%emt 0:02:58] [#]} (32. Rxe6 $14 {stays ahead.} fxe6 33. f3) 32... Bxh4 (32... Rae8 $1 $17 {Hoping for ...d3.} 33. Rxe6 Rxe6) 33. Rxe6 $14 fxe6 34. Qh3 (34. f3 $1 $14 Qe2 35. Rc2) 34... Re8 35. Qg2 Qb1+ 36. Qf1 Qf5 37. Rc5 $2 (37. Qg2 $11) 37... Qg4+ $19 38. Qg2 $2 (38. Kh1 $19 Rf8 39. a4) 38... Qd1+ ({Not} 38... Bxf2+ 39. Kf1 Qxg2+ 40. Kxg2 $11) 39. Qf1 Bxf2+ $1 40. Kg2 Qg4+ 0-1

[Event "Reykjavik Open 2022"]
[Site "Reykjavik"]
[Date "2022.04.07"]
[Round "3.26"]
[White "Martin, Julian"]
[Black "Sigeman, Johan"]
[Result "1-0"]
[ECO "C81"]
[WhiteElo "2388"]
[BlackElo "2136"]
[Annotator "TA"]
[PlyCount "97"]
[EventDate "2022.04.06"]
[EventCountry "ISL"]
[SourceTitle "playchess.com"]
[Source "ChessBase"]
[SourceQuality "1"]
[TimeControl "40/5400+30:1800+30"]

1. e4 e5 2. Nf3 Nc6 3. Bb5 a6 4. Ba4 Nf6 5. O-O Nxe4 6. d4 b5 7. Bb3 d5 8. dxe5 Be6 9. Qe2 Be7 10. Rd1 O-O 11. c4 bxc4 12. Bxc4 Bc5 13. Be3 Bxe3 14. Qxe3 Qb8 15. Bb3 Na5 16. Nd4 Nxb3 17. Nxb3 Qb6 18. Qxb6 cxb6 19. f3 Nc5 20. Nd4 Rac8 21. Nc3 Rfd8 22. Rac1 h5 23. Nce2 g6 24. Nf4 Re8 25. Ndxe6 fxe6 26. Nxg6 Kf7 27. Nf4 h4 28. g4 Nd7 ({Black should play} 28... hxg3 29. hxg3 Nd7) 29. Nd3 $16 Nc5 30. Nxc5 ({White should try} 30. Rc3 $18) 30... Rxc5 31. Rxc5 bxc5 32. b3 Rb8 (32... Kg6 $142) 33. Rc1 Rb5 (33... Kg6 $16 34. Rxc5 Kg5) 34. Kg2 $1 $18 Kg6 35. f4 Rb4 36. Kf3 (36. Rxc5 Rxf4 37. Kh3 Kg5 $11) 36... Rb5 37. Kg2 Rb4 38. Rf1 $1 ({And not} 38. Rxc5 Rxf4 39. Kh3 Kg5 $11) 38... Re4 39. Kf3 (39. Kh3 $1 $18 {and White stays clearly on top.}) 39... Rb4 $16 40. Kg2 (40. Rf2 $16) 40... Re4 $1 $18 {[%emt 0:00:00] [#]} 41. Kh3 $1 Re2 42. f5+ ({Don't play} 42. Kxh4 $6 Rxh2+ 43. Kg3 Rxa2 $14) ({Better is} 42. Rc1 $18) 42... Kf7 $2 (42... exf5 $1 $14 43. gxf5+ Kf7) 43. f6 $18 ({Less strong is} 43. Kxh4 Rxa2 44. Kg3 Re2 $16) 43... Rxe5 44. Kxh4 Re2 $2 (44... c4) 45. h3 $18 d4 46. g5 Rg2 {[%emt 0:03:07] [#]} 47. Rf3 $1 e5 48. Rg3 Rxg3 49. Kxg3 1-0

[Event "Reykjavik Open 2022"]
[Site "Reykjavik"]
[Date "2022.04.07"]
[Round "3.27"]
[White "Thorfinnsson, Bjorn"]
[Black "De Coninck, Rafael"]
[Result "1-0"]
[ECO "D03"]
[WhiteElo "2387"]
[BlackElo "2119"]
[Annotator "TA"]
[PlyCount "31"]
[EventDate "2022.04.06"]
[EventCountry "ISL"]
[SourceTitle "playchess.com"]
[Source "ChessBase"]
[SourceQuality "1"]
[TimeControl "40/5400+30:1800+30"]

1. d4 d5 2. Nf3 Nf6 3. Bg5 e6 4. e3 Nbd7 5. c3 h6 6. Bh4 {[%emt 0:00:11] D03: 1 d4 d5 2 Nf3 Nf6 3 Bg5, including Torre Attack with early ...d5.} g5 7. Bg3 Ne4 {[%emt 0:00:31] aiming for ...h5.} 8. Nbd2 {[%emt 0:00:38] [#] Black is slightly better.} h5 $146 ({Predecessor:} 8... Nxg3 9. hxg3 g4 10. Ng1 Nf6 11. Bd3 c5 12. Ne2 Bd7 13. Nf4 Be7 14. Qe2 Qb6 {1-0 (42) Vogel,F (1837)-Kilburn,G (1902) IECC email 1999}) 9. Qc2 h4 10. Be5 f6 11. Nxe4 dxe4 12. Qxe4 {[%emt 0:01:15] [#] Threatens to win with Qg6+.} Rh6 {[%emt 0:00:36] Inhibits Qg6+.} 13. Bxc7 $1 Qxc7 14. Qxe6+ Be7 {[%emt 0:01:26] [#]} (14... Kd8 $11 {remains equal.}) 15. Nxg5 $1 $16 {[%emt 0:01:11][%mdl 64] White threatens Qf7+ and mate. Pin. &Bianco is more active.} Nf8 16. Bb5+ {[%emt 0:01:39] Weighted Error Value: White=0.08 (flawless) /Black=0.17 (very precise)} (16. Qf7+ $16 Kd8 17. Qd5+ (17. Bb5 Bd7 $14) 17... Ke8 18. Bb5+ Bd7 19. Nf3) 1-0

[Event "Reykjavik Open 2022"]
[Site "Reykjavik"]
[Date "2022.04.07"]
[Round "3.28"]
[White "Fantinel, Thibault"]
[Black "Karlsson, Mikael Johann"]
[Result "1-0"]
[ECO "B31"]
[WhiteElo "2376"]
[BlackElo "2119"]
[Annotator "TA"]
[PlyCount "81"]
[EventDate "2022.04.06"]
[EventCountry "ISL"]
[SourceTitle "playchess.com"]
[Source "ChessBase"]
[SourceQuality "1"]
[TimeControl "40/5400+30:1800+30"]

1. e4 c5 2. Nf3 Nc6 3. Bb5 g6 4. O-O Bg7 5. Nc3 e5 6. d3 Nge7 7. Bc4 O-O 8. a3 d6 9. b4 Bg4 10. bxc5 dxc5 11. h3 Bxf3 12. Qxf3 Nd4 13. Qd1 Qd7 14. a4 Nec6 15. Nd5 Kh8 16. a5 Rab8 17. c3 Ne6 18. Qb3 Qd8 19. Qb5 Qd6 20. Be3 f5 21. f3 f4 22. Bf2 Rfd8 23. Rfb1 Bf8 24. Qa4 Ne7 25. Rb5 Nc8 (25... Nxd5 $16 26. exd5 Nc7) 26. Qb3 (26. Rb3 $18) 26... Qc6 $16 {[%emt 0:00:58] [#]} 27. Qa2 $1 Nd6 28. Rb2 Nxc4 29. Qxc4 Rbc8 30. Rab1 Rd7 $2 (30... Rb8 {might work better.} 31. Rb5 Bd6) 31. Nb6 $18 Rcd8 32. Nxd7 Rxd7 33. Rb6 axb6 34. Rxb6 Qc7 35. Qxe6 ({Weaker is} 35. Rxe6 Kg7 36. Rb6 Be7 $18) 35... Rxd3 (35... Rg7 $142 36. Rb5 Rd7) 36. Bh4 $18 Qd7 37. Bf6+ Bg7 38. Qxe5 Bxf6 39. Rxf6 Kg8 40. Qxc5 Qd8 41. Rxf4 1-0

[Event "Reykjavik Open 2022"]
[Site "Reykjavik"]
[Date "2022.04.07"]
[Round "3.29"]
[White "Cramling Bellon, Anna"]
[Black "Hedman, Erik"]
[Result "0-1"]
[ECO "E92"]
[WhiteElo "2057"]
[BlackElo "2368"]
[Annotator "TA"]
[PlyCount "68"]
[EventDate "2022.04.06"]
[EventCountry "ISL"]
[SourceTitle "playchess.com"]
[Source "ChessBase"]
[SourceQuality "1"]
[TimeControl "40/5400+30:1800+30"]

1. d4 Nf6 2. c4 g6 3. Nc3 Bg7 4. e4 d6 5. h3 O-O 6. Nf3 e5 7. d5 a5 8. Bg5 Na6 9. Be2 Qe8 10. g4 Nd7 11. Qd2 Ndc5 12. O-O-O Bd7 13. Rdg1 (13. Kb1 $11) 13... c6 $1 $15 14. Qe3 Nb4 15. h4 $2 (15. Bh6 $15) 15... cxd5 $19 16. cxd5 f6 17. Bh6 Bxh6 18. Qxh6 Nbd3+ 19. Kb1 Nxf2 20. g5 f5 ({Don't go for} 20... Nxh1 $2 21. Rxh1 f5 22. h5 fxe4 23. Nh4 $19) ({Weaker is} 20... Nfxe4 21. Nxe4 Bf5 22. Bd3 Nxe4 23. h5 $17) 21. h5 Nxh1 22. Rxh1 Qf7 ({Don't blunder} 22... fxe4 $2 23. Nh4 Bf5 24. Nd1 e3+ 25. Nxf5 Rxf5 26. Nxe3 $19) 23. Nh4 Qg7 24. hxg6 Qxh6 25. gxh6 fxe4 26. Rg1 Rf4 27. Ng2 Rf6 28. Nh4 hxg6 29. Nxg6 Kh7 30. Ne7 Rf7 31. Nxe4 Nxe4 32. Bd3 Rxe7 33. Bxe4+ Kxh6 34. Rg6+ Kh5 0-1

[Event "Reykjavik Open 2022"]
[Site "Reykjavik"]
[Date "2022.04.07"]
[Round "3.30"]
[White "Rosen, Eric"]
[Black "Dougherty, Michael"]
[Result "1-0"]
[ECO "B15"]
[WhiteElo "2356"]
[BlackElo "2066"]
[Annotator "TA"]
[PlyCount "46"]
[EventDate "2022.04.06"]
[EventCountry "ISL"]
[SourceTitle "playchess.com"]
[Source "ChessBase"]
[SourceQuality "1"]
[TimeControl "40/5400+30:1800+30"]

1. d4 g6 2. e4 Bg7 3. Nc3 c6 4. Nf3 d5 5. h3 dxe4 6. Nxe4 Nd7 7. Bc4 Ndf6 {[%emt 0:03:33] B15: Caro-Kann: 3 Nc3: 3...g6 and 3...dxe4 4 Nxe4 Nf6 5 Nxf6+ exf6.} 8. Ng3 Nh6 9. c3 O-O {[%emt 0:02:58] White is slightly better.} 10. Ne5 {[%emt 0:02:23] [#]} Nd5 $146 ({Predecessor:} 10... Nf5 11. Nxf5 Bxf5 12. Qb3 Nd5 13. Qxb7 Bxe5 14. dxe5 Nb6 15. Bb3 Qd3 16. Qxe7 Nd5 17. Bxd5 cxd5 {½-½ (49) Ruisinger,F (1928)-Kramar,I (2067) Augsburg 2002}) 11. O-O Nf5 12. Nxf5 Bxf5 13. Qf3 Qd6 14. Re1 Rae8 15. Bb3 Bc8 16. c4 Nf6 17. Be3 {[%emt 0:02:54] &Bianco is more active.} Bf5 18. Rad1 Nd7 19. Ng4 Bxg4 20. hxg4 Qc7 21. Bf4 Qb6 22. Qg3 c5 $2 {[%emt 0:04:41] [#]} (22... Bxd4 $2 {[#]} 23. Rxd4 $1 (23. Bh6 e5 $11) 23... Qxd4 24. Rd1 Qxb2 25. Rxd7 $18) (22... a5 $16) 23. Ba4 $18 Nb8 $2 {[%emt 0:00:17] Weighted Error Value: White=0.06 (flawless) /Black=0.28 (precise)} (23... Nf6 24. dxc5 Qxc5 25. Bxe8 Rxe8) 1-0

[Event "Reykjavik Open 2022"]
[Site "Reykjavik"]
[Date "2022.04.07"]
[Round "3.31"]
[White "Ruiz Buendia, Miguel"]
[Black "Heimisson, Hilmir Freyr"]
[Result "1/2-1/2"]
[ECO "B67"]
[WhiteElo "2074"]
[BlackElo "2312"]
[Annotator "TA"]
[PlyCount "144"]
[EventDate "2022.04.06"]
[EventCountry "ISL"]
[SourceTitle "playchess.com"]
[Source "ChessBase"]
[SourceQuality "1"]
[TimeControl "40/5400+30:1800+30"]

1. e4 c5 2. Nf3 d6 3. d4 cxd4 4. Nxd4 Nf6 5. Nc3 Nc6 6. Bg5 e6 7. Qd2 a6 8. O-O-O Bd7 9. f4 h6 10. Bh4 Be7 11. Nf3 g5 12. fxg5 Ng4 13. Be2 hxg5 14. Bg3 Nge5 15. Kb1 Rg8 16. Nxe5 Nxe5 17. Bxe5 dxe5 18. Bh5 Rg7 19. Rhf1 Qc7 20. Rxf7 Rxf7 21. Bxf7+ Kxf7 22. Qxd7 Qxd7 23. Rxd7 b5 24. Nd1 Rh8 25. h3 Rh4 26. Ra7 Rxe4 27. Rxa6 g4 28. c4 b4 29. hxg4 Rxc4 30. Ne3 Re4 31. Nc2 Rf4 32. Kc1 Bg5 33. Kd1 Rf2 34. Nxb4 e4 35. Ra3 (35. g3 $11) 35... Rd2+ ({Reject} 35... Rxb2 $6 36. Nc2 $11) 36. Ke1 Rxb2 37. Nc6 Rxg2 38. Ra4 Bh4+ 39. Kd1 e3 40. Re4 Rd2+ 41. Kc1 Rf2 (41... Bg5 $5 42. Ne5+ Kf6 $11) 42. Kd1 Rd2+ 43. Kc1 Rxa2 (43... Bg5 $5 44. Ne5+ Kf6 $11) 44. Kd1 Rd2+ 45. Kc1 Rf2 46. Kd1 Rd2+ 47. Kc1 Bf2 48. Ne5+ Kf6 49. Nc4 Re2 50. Kd1 Re1+ 51. Kc2 Rg1 52. Kd3 Rg3 53. Ke2 Ke7 54. Kd3 Bg1 55. Ke2 Kf6 56. Kd3 Kf7 57. Ke2 Ke7 58. Kf1 Kd7 59. Ke2 Kc6 60. Nxe3 Kd6 61. Nf1 Rg2+ 62. Kd3 e5 63. Ra4 Bd4 64. Ra6+ Ke7 65. Nd2 Rg3+ 66. Ke4 Rxg4+ 67. Kd5 Rg2 68. Nf3 Bc3 69. Re6+ Kf8 $2 (69... Kf7 $11) 70. Nxe5 Rg5 71. Ke4 Rxe5+ 72. Rxe5 Bxe5 1/2-1/2

[Event "Reykjavik Open 2022"]
[Site "Reykjavik"]
[Date "2022.04.07"]
[Round "3.32"]
[White "White, Nigel"]
[Black "Lim, Zhuo Ren"]
[Result "1/2-1/2"]
[ECO "B99"]
[WhiteElo "1997"]
[BlackElo "2317"]
[Annotator "TA"]
[PlyCount "43"]
[EventDate "2022.04.06"]
[EventCountry "ISL"]
[SourceTitle "playchess.com"]
[Source "ChessBase"]
[SourceQuality "1"]
[TimeControl "40/5400+30:1800+30"]

1. e4 c5 2. Nf3 d6 3. d4 cxd4 4. Nxd4 Nf6 5. Nc3 a6 6. Bg5 e6 7. f4 Be7 8. Qf3 Qc7 9. O-O-O Nbd7 10. g4 h6 11. Bxf6 Bxf6 12. h4 Nb6 $1 {[%emt 0:00:28][%mdl 4] is recently more successful than 12...Qb6. B99: Sicilian Najdorf: 6 Bg5 e6 7 f4 Be7 8 Qf3 Qc7 9 0-0-0 Nbd7.} 13. g5 Bxd4 14. Rxd4 Qc5 {[%emt 0:00:15] White is slightly better.} 15. Rd2 Bd7 16. Be2 O-O-O {[%emt 0:01:02] [#]} 17. gxh6 $146 ({Predecessor:} 17. Rhd1 Bc6 18. a3 Na4 19. Nxa4 Bxa4 20. Bd3 Bc6 21. Qg3 hxg5 22. fxg5 Qe5 23. Qg4 {0-1 (35) Pichot,A (2625)-Leiva Rodriguez,J (2405) Chess.com INT 2022}) 17... gxh6 18. Rhd1 Bc6 19. f5 (19. Rd4 $16 {Strongly threatening b4.} d5 20. Qd3) 19... exf5 $11 {[%emt 0:07:00] The position is equal.} 20. Qxf5+ Qxf5 21. exf5 Kc7 22. Rd4 {[%emt 0:10:29] Weighted Error Value: White=0.21 (precise) /Black=0.06 (flawless)} 1/2-1/2

[Event "Reykjavik Open 2022"]
[Site "Reykjavik"]
[Date "2022.04.07"]
[Round "3.33"]
[White "Sarkar, Justin"]
[Black "Briem, Benedikt"]
[Result "1/2-1/2"]
[ECO "D45"]
[WhiteElo "2314"]
[BlackElo "2079"]
[Annotator "TA"]
[PlyCount "70"]
[EventDate "2022.04.06"]
[EventCountry "ISL"]
[SourceTitle "playchess.com"]
[Source "ChessBase"]
[SourceQuality "1"]
[TimeControl "40/5400+30:1800+30"]

1. d4 d5 2. c4 c6 3. Nf3 Nf6 4. Nc3 e6 5. e3 Nbd7 6. Qc2 Bd6 7. g4 h6 8. Rg1 e5 9. cxd5 cxd5 10. Nb5 Bb8 11. Bd2 e4 12. Rc1 O-O 13. Bb4 Re8 14. Nd2 Nb6 ({Black should try} 14... Bxh2 $17 15. Rg2 Bb8) 15. Nc7 Bxc7 16. Qxc7 Qxc7 (16... Bxg4 $17 {Threatens to win with ...Rc8.} 17. Nb3 (17. Qxb7 Na4 $17) 17... Rc8 18. Qxd8 (18. Qxb7 Nc4 $17) 18... Rxc1+ 19. Nxc1 Rxd8) 17. Rxc7 $11 Be6 18. Rxb7 Rec8 19. Bc5 (19. Kd1 {keeps more tension.} Na4 20. Ba3 Bxg4+ 21. Be2) 19... Na4 20. Nb3 ({But not} 20. Rxa7 $2 Rxa7 21. Bxa7 Rc1+ 22. Ke2 Bxg4+ 23. Rxg4 Nxg4 $19) 20... Nxg4 21. Rg2 {[%emt 0:00:28] [#]} Nf6 ({Black should play} 21... Ne5 $1 $11) 22. Ba6 (22. Be7 $1 $14 Ne8 23. Nc5) 22... Nxb2 $11 23. f4 $2 ({Better is} 23. Be7 $15 Ne8 24. Nc5) 23... Nc4 $19 24. Bxc4 dxc4 25. Na5 Nd5 (25... c3 $19 {And now ...Rab8 would win.} 26. Rc2 Nd5) 26. Nxc4 $15 Nxf4 27. exf4 Bxc4 28. Rgb2 a6 29. Kd2 Bd5 30. Rd7 Rd8 31. Rxd8+ $1 Rxd8 32. a4 Rd7 33. Ke3 (33. Rb6 $11 {remains equal.}) 33... Rb7 34. Rxb7 Bxb7 35. f5 f6 1/2-1/2

[Event "Reykjavik Open 2022"]
[Site "Reykjavik"]
[Date "2022.04.07"]
[Round "3.34"]
[White "Bjornsson, Sigurbjorn"]
[Black "Briem, Stephan"]
[Result "1/2-1/2"]
[ECO "C10"]
[WhiteElo "2315"]
[BlackElo "2039"]
[Annotator "TA"]
[PlyCount "96"]
[EventDate "2022.04.06"]
[EventCountry "ISL"]
[SourceTitle "playchess.com"]
[Source "ChessBase"]
[SourceQuality "1"]
[TimeControl "40/5400+30:1800+30"]

1. e4 e6 2. d4 d5 3. Nc3 dxe4 4. Nxe4 Nd7 5. Nf3 Ngf6 6. Bg5 h6 7. Nxf6+ Nxf6 8. Be3 Bd6 9. Bd3 b6 10. Qe2 O-O 11. O-O-O Bb7 12. Kb1 Nd5 13. Bd2 Nf4 14. Bxf4 Bxf4 15. c4 Qf6 16. Be4 Bxe4+ 17. Qxe4 c5 18. Rd3 Rac8 19. a3 Rfd8 20. Rhd1 g6 21. h3 Bd6 22. d5 exd5 23. Rxd5 Bf8 24. Qe5 Bg7 25. Qxf6 Bxf6 26. Kc2 Rxd5 27. Rxd5 Re8 28. b3 Re2+ 29. Rd2 Re6 30. b4 a6 31. Kb3 Kf8 32. Rd5 cxb4 33. axb4 Ke7 34. Rd2 Rd6 35. Rxd6 Kxd6 36. Ne1 Bd4 37. Nd3 Kc6 38. f3 f6 39. Nf4 g5 40. Nd5 h5 41. g4 hxg4 42. hxg4 Kd6 43. Kc2 Ke5 44. Kd3 Bf2 45. Ke2 Bg1 46. Kd3 Bf2 47. Ke2 Bg1 48. Kd3 Bf2 1/2-1/2

[Event "Reykjavik Open 2022"]
[Site "Reykjavik"]
[Date "2022.04.07"]
[Round "3.35"]
[White "Kartsev, Nikolay"]
[Black "Soham Das"]
[Result "0-1"]
[ECO "B11"]
[WhiteElo "2036"]
[BlackElo "2330"]
[Annotator "TA"]
[PlyCount "166"]
[EventDate "2022.04.06"]
[EventCountry "ISL"]
[SourceTitle "playchess.com"]
[Source "ChessBase"]
[SourceQuality "1"]
[TimeControl "40/5400+30:1800+30"]

1. e4 c6 2. Nc3 d5 3. Nf3 Bg4 4. Be2 dxe4 5. Nxe4 Nf6 6. Nxf6+ exf6 7. h3 Be6 8. d4 Bd6 9. O-O O-O 10. Be3 Re8 11. Re1 Nd7 12. c4 Nf8 13. Qa4 Qd7 14. d5 cxd5 15. Qxd7 Bxd7 16. cxd5 Ng6 17. Nd4 Be5 18. Red1 a6 19. Bg4 Rad8 20. Nb3 Bxg4 21. hxg4 Bxb2 22. Rab1 Ba3 23. Bc5 Bxc5 24. Nxc5 Nf4 25. Rxb7 Ne2+ 26. Kh2 Nc3 27. Rd3 Nxd5 28. Nxa6 Ra8 29. Nc5 Nf4 30. Rdd7 Rec8 31. Ne4 Rcb8 32. Rxb8+ Rxb8 33. a4 Ra8 34. a5 h6 35. g3 Ng6 36. Rd5 Ne5 37. Nd6 Nxg4+ 38. Kg2 Ne5 39. Nb7 Ra7 40. f4 Nc4 41. Rc5 Rxb7 42. Rxc4 Rb2+ 43. Kf3 Ra2 44. Rc5 Ra3+ 45. Kg4 g6 46. Rb5 Kg7 47. Kh4 g5+ 48. Kg4 Kg6 49. f5+ Kg7 50. Rc5 Ra4+ 51. Kh5 Ra1 52. Rc3 Rh1+ 53. Kg4 h5+ 54. Kf3 Ra1 55. Rc5 Ra3+ 56. Kf2 g4 57. Rb5 Kh6 58. Rb7 Rxa5 59. Rxf7 Kg5 60. Rh7 Rxf5+ 61. Kg2 Rc5 62. Rh8 Rc2+ 63. Kg1 Rc7 64. Kf2 Re7 65. Rg8+ Kf5 66. Rh8 {[%emt 0:00:03] [#]} Kg6 $1 67. Rg8+ Rg7 68. Rh8 Rh7 69. Ra8 Kg5 70. Rg8+ Kf5 71. Ra8 Rb7 72. Rh8 (72. Kg2 $142 Kg6 73. Rg8+ Rg7 74. Rd8) 72... Rb2+ $19 73. Kg1 Ke4 74. Rxh5 Kf3 75. Rf5+ Kxg3 76. Kf1 Rb1+ (76... Rb3 $142 77. Ra5 f5 78. Ra2 f4 79. Rg2+ Kh3 80. Rd2 f3 81. Rd8 Kg3 82. Rd1 Rb2 83. Ke1 Kg2 84. Rd2+ f2+ 85. Kd1 Rxd2+ 86. Kxd2 f1=Q 87. Kc2 Qc4+ 88. Kb1 g3 89. Ka1 Kf2 90. Kb1 g2 91. Ka1 g1=Q+ 92. Kb2 Qgc1#) 77. Ke2 $19 Rb6 78. Kf1 Re6 79. Rf2 Kh3 80. Rf5 g3 81. Rf4 Ra6 82. Ke2 g2 83. Rf3+ Kh2 0-1

[Event "Reykjavik Open 2022"]
[Site "Reykjavik"]
[Date "2022.04.07"]
[Round "3.36"]
[White "Ritzka, Simon"]
[Black "De Wachter, Matthias"]
[Result "0-1"]
[ECO "B13"]
[WhiteElo "2038"]
[BlackElo "2322"]
[Annotator "TA"]
[PlyCount "36"]
[EventDate "2022.04.06"]
[EventCountry "ISL"]
[SourceTitle "playchess.com"]
[Source "ChessBase"]
[SourceQuality "1"]
[TimeControl "40/5400+30:1800+30"]

1. e4 c6 2. d4 d5 3. exd5 cxd5 4. Bd3 Nf6 5. c3 Bg4 6. Qb3 Qc7 7. Ne2 {[%emt 0:02:13] B13: Caro-Kann: Exchange Variation and Panov-Botvinnik Attack.} (7. h3 $5 Bd7 8. Ne2 $11) 7... Bxe2 8. Bxe2 e6 9. Bf4 $2 Qxf4 $19 10. Qxb7 {[%emt 0:00:39] [#] And now 0-0 would win.} Qc1+ $1 11. Bd1 {[%emt 0:00:06] [#] Strongly threatening 0-0.} Bd6 $146 ({Predecessor:} 11... Nfd7 12. O-O Bd6 13. g3 h5 14. Ba4 Qh6 15. h4 g5 16. Nd2 gxh4 17. Nf3 hxg3 {0-1 (27) Salamon,W (2133)-Allram,S (1972) Austria 2013}) 12. Qc8+ (12. O-O O-O) 12... Ke7 13. Qxh8 Qxb2 14. Qc8 Qxa1 {[%emt 0:00:29] Active counter play!} 15. Nd2 Qb2 {[%emt 0:05:12] Prevents Qb7+. Black is clearly winning.} 16. Nb3 {[%emt 0:00:56] [#]} Nbd7 $1 17. Qxa8 (17. Qa6 Qxc3+) 17... Qxc3+ 18. Nd2 Ne4 {[%emt 0:00:28] Weighted Error Value: White=1.52/Black=0.02 (flawless)} 0-1

[Event "Reykjavik Open 2022"]
[Site "Reykjavik"]
[Date "2022.04.07"]
[Round "3.37"]
[White "Large, Peter G"]
[Black "Steiner, Juraj"]
[Result "0-1"]
[ECO "C01"]
[WhiteElo "2335"]
[BlackElo "2027"]
[Annotator "TA"]
[PlyCount "74"]
[EventDate "2022.04.06"]
[EventCountry "ISL"]
[SourceTitle "playchess.com"]
[Source "ChessBase"]
[SourceQuality "1"]
[TimeControl "40/5400+30:1800+30"]

1. e4 e6 2. d4 d5 3. Nc3 Bb4 4. exd5 exd5 5. Bd3 Nf6 6. a3 Bxc3+ 7. bxc3 Bg4 8. Ne2 O-O 9. O-O Nbd7 10. Rb1 Nb6 11. f3 Bh5 12. Nf4 Bg6 13. Nxg6 fxg6 14. Bf4 Ne8 15. Qc1 Nd6 16. Re1 Qd7 17. Be5 Rae8 18. Qg5 c6 19. h4 Nbc4 20. Bxd6 Nxd6 21. h5 gxh5 22. Qxh5 g6 23. Qg5 Rxe1+ 24. Rxe1 Re8 25. Kf2 Rxe1 26. Kxe1 b5 27. Qf6 {[%emt 0:02:56] [#]} (27. Kd1 $11) 27... Nf7 $1 $17 28. Kf2 $2 {[%emt 0:01:30] [#]} (28. Qf4 $17) 28... Qd6 $1 $19 29. Qxd6 Nxd6 30. Ke3 Kf7 31. g4 $2 (31. Be2 {is a better defense.}) 31... h5 32. Kf4 Kf6 33. g5+ (33. Kg3 $142 Kg5 34. f4+ Kf6 35. f5 gxf5 36. gxh5) 33... Kg7 $19 34. Bf1 a5 (34... Nc4 $142 35. Bxc4 bxc4) 35. Bh3 Nc4 36. Bd7 Nxa3 37. Bxc6 a4 0-1

[Event "Reykjavik Open 2022"]
[Site "Reykjavik"]
[Date "2022.04.07"]
[Round "3.38"]
[White "Jaivardhan Raj"]
[Black "Berdnyk, Mariia"]
[Result "0-1"]
[ECO "B06"]
[WhiteElo "2006"]
[BlackElo "2287"]
[Annotator "TA"]
[PlyCount "100"]
[EventDate "2022.04.06"]
[EventCountry "ISL"]
[SourceTitle "playchess.com"]
[Source "ChessBase"]
[SourceQuality "1"]
[TimeControl "40/5400+30:1800+30"]

1. e4 g6 2. d4 Bg7 3. Nf3 d6 4. Nc3 a6 5. Bf4 Nd7 6. Qd2 b5 7. e5 Bb7 8. Be2 Nb6 9. exd6 cxd6 10. a3 Rc8 11. Rd1 Nc4 12. Bxc4 Rxc4 13. Be3 Bxf3 14. gxf3 Qa8 15. Ke2 Qc8 16. h4 h5 17. Qd3 Nh6 18. Bxh6 Bxh6 19. Kf1 Bg7 20. Qe3 Qb7 21. Ne4 O-O 22. c3 a5 23. Rg1 Qd7 24. Rg3 Ra8 (24... b4 $17 25. axb4 axb4) 25. Nd2 ({White should play} 25. Qd3 $15) 25... Rcc8 $17 26. Re1 Ra7 27. Ne4 b4 28. axb4 axb4 29. Qd3 (29. Ng5 $17) 29... bxc3 30. bxc3 Ra3 31. Rc1 d5 32. Nc5 Qd6 33. Qd2 Kh7 34. Qb2 (34. Re1 {is a better defense.}) 34... Rca8 $19 35. Qb7 (35. Qe2 $142) 35... R8a7 $19 36. Qc8 (36. Qb5 $142 e5 37. Nb3) 36... Qf4 37. Nd3 Qd2 38. f4 Ra1 ({Weaker is} 38... Ra2 39. f5 $17) 39. Re1 Rxe1+ 40. Nxe1 Ra2 41. Nd3 Ra1+ 42. Kg2 Qd1 43. Qh3 Qf1+ 44. Kf3 Qxd3+ 45. Kg2 Qf1+ 46. Kf3 Qd1+ 47. Kg2 Rc1 48. Re3 e6 (48... Qg1+ $142 49. Kf3 Rc2 50. Re2 Rxc3+ 51. Re3 Bxd4 52. Qg3 Qd1+ 53. Kg2 Rc1 54. Qxg6+ fxg6 55. Rxe7+ Kh6 56. Rh7+ Kxh7 57. Kg3 Qg4+ 58. Kh2 Bxf2 59. f5 Qg3#) 49. Rg3 Qf1+ 50. Kf3 Rxc3# 0-1